 Dungeon Crawl Stone Soup version 0.30-a0-1018-g25214051b3 (webtiles) character file.

Game seed: 14966150278070087074

679 DeathPants the Chopper (level 7, -2/54 HPs)
             Began as a Demonspawn Gladiator on Apr 7, 2023.
             Slain by an orc
             ... wielding a +0 trident
              (7 damage)
             ... on level 5 of the Dungeon.
             The game lasted 00:10:21 (3665 turns).

DeathPants the Chopper (Demonspawn Gladiator)       Turns: 3665, Time: 00:10:22

Health: -2/54      AC: 11    Str: 17    XL:     7   Next: 34%
Magic:  7/7        EV:  9    Int:  9    God:
Gold:   173        SH:  4    Dex: 18    Spells: 6/6 levels left

rFire   . . .      SeeInvis .    a - +1 war axe
rCold   . . .      Faith    .    (no shield)
rNeg    . . .      Spirit   .    j - +0 chain mail
rPois   .          Reflect  .    c - +0 helmet
rElec   .          Rampage  .    y - +0 cloak
rCorr   .                        (no gloves)
Will    .....                    (no boots)
Stlth   +                        (no amulet)
HPRegen 0.29/turn                (no ring)
MPRegen 0.10/turn                (no ring)

@: no status effects
A: thin skeletal structure 2, demonic guardian 2, condensation shield
a: no special abilities


You were on level 5 of the Dungeon.
You visited 1 branch of the dungeon, and saw 5 of its levels.

You collected 173 gold pieces.

Inventory:

Hand Weapons
 a - a +1 war axe (weapon)
Missiles
 d - 3 throwing nets (quivered)
 e - a javelin
Armour
 b - a +0 leather armour
 c - a +0 helmet (worn)
 j - a +0 chain mail (worn)
 m - a +0 buckler
 y - a +0 cloak (worn)
Jewellery
 s - a ring of see invisible
 t - an amulet of magic regeneration
 w - an amulet of the acrobat
Scrolls
 l - 2 scrolls of teleportation
 n - 2 scrolls of fog
Potions
 g - 3 potions of curing
 h - a potion of heal wounds {unknown}
 p - 2 potions of haste {unknown}
 r - a potion of flight {unknown}
 u - a potion of mutation {unknown}
 v - 2 potions of degeneration {unknown}


   Skills:
 + Level 4.3 Fighting
 * Level 5.7 Axes
 - Level 1.7 Throwing
 - Level 2.4 Armour
 - Level 3.9 Dodging


You had 6 spell levels left.
You didn't know any spells.
Your spell library contained the following spells:

 Spells                   Type           Power      Damage    Failure   Level
 Foxfire                  Conj/Fire      0%         2x1d4     99%         1
 Cigotuvi's Dreadful Rot  Necr/Pois/Air  0%         N/A       100%        2
 Ignite Poison            Fire/Tmut/Pois 0%         N/A       100%        3
 Sticky Flame             Conj/Fire      0%         2d3       100%        4
 Fireball                 Conj/Fire      0%         3d3       100%        5
 Freezing Cloud           Conj/Ice/Air   0%         6-21      100%        5
 Plasma Beam              Fire/Air       0%         2x1d11    100%        6
 Starburst                Conj/Fire      0%         6d3       100%        6
 Ignition                 Fire           0%         3d3       100%        8


Dungeon Overview and Level Annotations

Branches:
Dungeon (5/15)
 Temple: D:4-7

Altars:
Ashenzari
Kikubaaqudgha
Nemelex Xobeh
Uskayaw
Wu Jian
Xom

Shops:
D:1 :


Innate Abilities, Weirdness & Mutations

You have a moderately thin skeletal structure. (Dex +4, Stealth++)
A demonic guardian rushes to your aid.
A meltable shield of frost defends you. (SH +4)


Message History

You barely miss the orc. You hit the orc. Your hellwing hits the orc warrior.
Your hellwing hits the orc warrior but does no damage.
The orc warrior barely misses your hellwing.
The orc hits you with a +0 whip. The orc hits you but does no damage.
The orc barely misses you.
Your hellwing hits the orc warrior but does no damage. x2
You hit the orc warrior but do no damage.
The orc warrior is almost dead.
You hit the orc but do no damage. You hit the orc.
The orc warrior hits you with a +0 mace.
The orc closely misses you. x2; The orc hits you but does no damage.
Your hellwing barely misses the orc warrior.
Your hellwing hits the orc warrior.
You hit the orc warrior but do no damage.
The orc warrior is almost dead.
You hit the orc but do no damage. You hit the orc.
You kill the orc!
The orc warrior hits you with a +0 mace!
* * * LOW HITPOINT WARNING * * *
The orc hits you but does no damage. x2; Your hellwing misses the orc warrior.
Your hellwing barely misses the orc warrior.
The orc warrior barely misses you. The orc hits you with a +0 hand axe.
* * * LOW HITPOINT WARNING * * *
The orc closely misses you.
You barely miss the orc warrior.
The orc warrior is almost dead.
You barely miss the orc.
Your hellwing barely misses the orc warrior.
Your hellwing hits the orc warrior but does no damage.
The orc warrior hits you but does no damage.
The orc barely misses you. x2
You hit the orc warrior but do no damage.
The orc warrior is almost dead.
You hit the orc.
Your hellwing barely misses the orc warrior.
Your hellwing hits the orc warrior.
The orc warrior dies!
You block the orc's attack.
The orc hits you from afar with a +0 trident!
You die...

.. .....# ...
....# .#.###...#
# .........#
.##.#
#.....<.##.....
#...........#
#.##........#
###.##)4......#.
......)@.........
.....#.o).....#..
.....##.o........
.... #.########.
.... #.### ...
......... ....
.o...##.##.....
.o.............
#<.#


You could see 2 orcs and a friendly hellwing (summoned).

Vanquished Creatures
  A scorpion (D:4)
  A hound (D:4)
  Jessica (D:3)
  3 iguanas
  An orc wizard (D:3)
  4 gnolls
  5 adders
  A dart slug (D:1)
  7 orcs
  13 ball pythons
  10 endoplasms
  2 giant cockroaches (D:3)
  16 goblins
  11 hobgoblins
  3 quokkas
  9 bats
  3 frilled lizards
  3 kobolds
  3 rats
97 creatures vanquished.

Vanquished Creatures (collateral kills)
  Sigmund (D:2)
  An orc warrior (D:5)
  A scorpion (D:4)
  Terence (D:2)
  A gnoll (D:1)
  A bat (D:1)
  A hobgoblin (D:2)
  2 jackals (D:2)
  A quokka (D:2)
  A ball python (D:1)
11 creatures vanquished.

Grand Total: 108 creatures vanquished

Notes
Turn   | Place    | Note
-------+----------+-------------------------------------------
     0 | D:1      | DeathPants the Demonspawn Gladiator began the quest for the
                  | Orb.
     0 | D:1      | Reached XP level 1. HP: 16/16 MP: 1/1
   142 | D:1      | Found Qefischi's Book Boutique.
   147 | D:1      | Gained mutation: A weak demonic guardian rushes to your
                  | aid. [demonic ancestry]
   147 | D:1      | Reached XP level 2. HP: 22/22 MP: 2/2
   149 | D:1      | Reached skill level 3 in Axes
   312 | D:1      | Gained mutation: A meltable shield of frost defends you.
                  | (SH +4) [demonic ancestry]
   312 | D:1      | Reached XP level 3. HP: 22/28 MP: 3/3
   398 | D:1      | Reached skill level 1 in Armour
   671 | D:1      | Found a faded altar of an unknown god.
   902 | D:3      | Gained mutation: A demonic guardian rushes to your aid.
                  | [demonic ancestry]
   902 | D:3      | Reached XP level 4. HP: 15/34 MP: 4/4
   998 | D:2      | You fall into a shaft and drop 2 floors!
  1045 | D:3      | Found an ornate altar of the Wu Jian Council.
  1103 | D:3      | Found an ancient bone altar of Kikubaaqudgha.
  1230 | D:2      | Noticed Terence
  1236 | D:2      | Killed Terence
  1237 | D:2      | Gained mutation: You have a somewhat thin skeletal
                  | structure. (Dex +2, Stealth+) [demonic ancestry]
  1237 | D:2      | Reached XP level 5. HP: 36/40 MP: 5/5
  1252 | D:2      | Noticed Sigmund
  1261 | D:2      | Killed Sigmund
  1262 | D:2      | Reached skill level 4 in Axes
  1262 | D:2      | Gained mutation: You have a moderately thin skeletal
                  | structure. (Dex +4, Stealth++) [demonic ancestry]
  1262 | D:2      | Reached XP level 6. HP: 40/47 MP: 6/6
  1580 | D:2      | Found a sparkling altar of Nemelex Xobeh.
  1775 | D:3      | Found a broken altar of Ashenzari.
  1775 | D:3      | Noticed Jessica
  1779 | D:3      | Killed Jessica
  2277 | D:4      | Found a shimmering altar of Xom.
  2318 | D:4      | Reached skill level 5 in Axes
  2472 | D:5      | Entered Level 5 of the Dungeon
  2472 | D:5      | Noticed an orc warrior
  2498 | D:4      | Found a hide-covered altar of Uskayaw.
  2560 | D:4      | Reached XP level 7. HP: 34/53 MP: 7/7
  3051 | D:5      | Found Zabrefy's General Store.
  3665 | D:5      | Slain by an orc

Illustrated notes

Levels and vault maps discovered:
D:1:      amcnicky_arrival_choice, layout_rooms,
          shapermc_ecumenical_altar_starsandcircs, serial_shops,
          nicolae_diamond_shop
D:2:      layout_rooms, basic_altar, uniq_sigmund, uniq_terence
D:3:      layout_loops_ring, zin_scriptorium, ashenzari_altar_1,
          old_standard_altar, kiku_gazebo_pond_becter, uniq_jessica
D:4:      layout_loops_corners, old_standard_altar,
          nicolae_uskayaw_murder_on_the_dancefloor
D:5:      layout_basic, serial_shops, nicolae_shop_crystal,
          nicolae_stop_n_shop_2, kennysheep_little_box, nicolae_shop_crystal,
          uniq_ijyb

Skill      XL: |  1  2  3  4  5  6  7 |
---------------+----------------------+-----
Axes           | 3 4 5 |  5.7
Dodging        | 3 |  3.9
Armour         | 1 2 |  2.4
Fighting       | 3 4 |  4.3
Throwing       | |  1.7

Action                     |  1- 3 |  4- 6 |  7- 9 || total
---------------------------+-------+-------+-------++-------
  Melee: War axe           |    73 |   160 |    60 ||   293
         Punch             |       |     2 |       ||     2
    Use: Scroll            |       |     1 |     7 ||     8
   Stab: Distracted        |       |     1 |       ||     1
 Armour: Leather armour    |    23 |       |       ||    23
         Chain mail        |     2 |    95 |    31 ||   128
  Dodge: Dodged            |    69 |    84 |    35 ||   188
  Block: Other             |    10 |    24 |    13 ||    47

Table legend: (Time is in decaauts)
 A = Elapsed time spent in this place.
 B = Non-inter-level travel time spent in this place.
 C = Inter-level travel time spent in this place.
 D = Time resting spent in this place.
 E = Time spent auto-exploring this place.
 F = Levels seen in this place.
 G = Mean time per level.
                   A        B        C        D        E       F      G
               +--------+--------+--------+--------+--------+-----+--------+
         Total |   3753 |   3674 |     79 |    212 |   2429 |   5 |  750.6 |
       Dungeon |   3753 |   3674 |     79 |    212 |   2429 |   5 |  750.6 |
               +--------+--------+--------+--------+--------+-----+--------+

Top non-repeatable levels by time:
     D:4: 1436 daAuts
     D:3: 855 daAuts
     D:1: 834 daAuts
     D:2: 598 daAuts
     D:5: 29 daAuts
